 Dungeon Crawl Stone Soup version 0.20.0-8-g6b59dc7 (webtiles) character file.

125 Locuples the Skirmisher (level 4, -10/55 HPs)
             Began as a Demonspawn Berserker on June 1, 2017.
             Was a Believer of Trog.
             Mangled by an ogre
             ... wielding a +0 giant club
              (27 damage)
             ... on level 3 of the Dungeon.
             The game lasted 00:06:43 (1874 turns).

Locuples the Skirmisher (Demonspawn Berserker)      Turns: 1874, Time: 00:06:43

Health: -10/55     AC: 10    Str: 23    XL:     4   Next: 82%
Magic:  4/4        EV:  5    Int:  9    God:    Trog [**....]
Gold:   155        SH:  8    Dex: 12    Spells: 3/3 levels left

rFire    . . .     SeeInvis .   a - +0 hand axe
rCold    . . .     Gourm    .   i - +0 shield
rNeg     . . .     Faith    .   l - +0 chain mail
rPois    .         Spirit   .   (no helmet)
rElec    .         Reflect  .   e - +1 cloak
rCorr    .         Harm     .   (no gloves)
MR       .....                  (no boots)
Stlth    ..........             m - amulet of regeneration
Regen    1.6/turn               k - ring of loudness (curse)
MPRegen  0.1/turn               (no ring)

@: berserking, starving, very quick
A: powered by death 1
a: Berserk, Trog's Hand, Burn Spellbooks, Renounce Religion


You were on level 3 of the Dungeon.
You worshipped Trog.
Trog was pleased with you.
You were starving.

You visited 1 branch of the dungeon, and saw 3 of its levels.

You collected 155 gold pieces.

Inventory:

Hand Weapons
 a - a +0 hand axe (weapon)
Armour
 e - a +1 cloak (worn)
 i - a +0 shield (worn)
 l - a +0 chain mail (worn)
Jewellery
 k - a cursed ring of loudness (left hand)
 m - an amulet of regeneration (around neck)
Scrolls
 b - a scroll of enchant armour
 h - a scroll of recharging
 j - a scroll of fog {unknown}
Potions
 d - a potion of brilliance {unknown}
 g - a potion of curing {unknown}
 o - a potion of mutation {unknown}
Comestibles
 c - 4 bread rations
 n - 3 fruits


   Skills:
 * Level 4.2 Fighting
 + Level 3.8 Axes
 + Level 2.1 Armour
 - Level 1.7 Dodging
 + Level 1.0 Shields


You had 3 spell levels left.
You didn't know any spells.

Dungeon Overview and Level Annotations

Branches:
Dungeon (3/15)

Altars:

Annotations:
D:3 Natasha


Innate Abilities, Weirdness & Mutations

You regenerate a little health from kills.


Message History

You are starving!
Natasha howls an incantation.
Natasha's front paws start to glow.
The ogre hits you with a giant club!!
You barely miss the worm. You slash the ogre!
The worm bites you but does no damage.
Your shield and chain mail prevent you from hitting the ogre.
The ogre is moderately wounded.
You slash the worm!
The crimson imp blinks!
The ogre hits you with a giant club!!
* * * LOW HITPOINT WARNING * * *
You slash the worm!
You kill the worm!
Trog accepts your kill.
You hit the ogre. You hit the ogre but do no damage.
The ogre is heavily wounded.
You slash Natasha! You block Natasha's attack.
The ogre hits you with a giant club!!
You die...

#..............
#........######
#........#
#........#
#........# #.
#.....(..# ...
#######(.# ....
##(# .....
#@#..5..? #hO#
#.......#
#.....ยง...
#......##.#
#......# .#
#....... #
#......#
########


You could see an ogre and Natasha.

Vanquished Creatures
  Crazy Yiuf (D:2)
  Robin (D:2)
  3 adders (D:2)
  2 worms
  2 dart slugs (D:2)
  A ball python (D:2)
  A bat (D:1)
  3 giant cockroaches
  12 goblins
  5 hobgoblins
  A quokka (D:2)
  4 frilled lizards (D:2)
  6 kobolds
  5 rats
47 creatures vanquished.

Notes
Turn   | Place    | Note
-------+----------+-------------------------------------------
     0 | D:1      | Locuples the Demonspawn Berserker began the quest for the Orb.
     0 | D:1      | Reached XP level 1. HP: 18/18 MP: 1/1
   330 | D:1      | Gained mutation: You regenerate a little health from kills. [demonic ancestry]
   330 | D:1      | Reached XP level 2. HP: 22/24 MP: 2/2
   946 | D:2      | Reached XP level 3. HP: 29/29 MP: 3/3
   992 | D:2      | Noticed Robin
  1012 | D:2      | Killed Robin
  1012 | D:2      | Reached skill level 4 in Fighting
  1071 | D:2      | Reached ** piety under Trog
  1226 | D:2      | Found a runed door.
  1230 | D:2      | Noticed Crazy Yiuf
  1234 | D:2      | Killed Crazy Yiuf
  1234 | D:2      | Reached XP level 4. HP: 37/37 MP: 4/4
  1348 | D:2      | Reached skill level 1 in Shields
  1495 | D:2      | Found a faded altar of an unknown god.
  1863 | D:3      | Noticed Natasha
  1866 | D:3      | Noticed an ogre
  1874 | D:3      | Mangled by an ogre

Skill      XL: |  1  2  3  4 |
---------------+-------------+-----
Axes           | 3 |  3.8
Armour         | 2 |  2.1
Fighting       | 4 |  4.2
Shields        | 1 |  1.0
Dodging        | |  1.7

Action                   |  1- 3 |  4- 6 || total
-------------------------+-------+-------++-------
Melee: Hand axe          |   138 |    46 ||   184
Invok: Berserk           |     2 |     1 ||     3
  Use: Scroll            |     3 |       ||     3
       Potion            |     2 |     1 ||     3
  Eat: Chunk             |     2 |     2 ||     4
Armor: Animal skin       |    41 |       ||    41
       Chain mail        |    15 |    23 ||    38
Dodge: Dodged            |    71 |    10 ||    81
Block: Shield            |    25 |    15 ||    40
